 Dungeon Crawl Stone Soup version 0.27-a0-1572-gacd6f1ce93 (webtiles) character file.

Game seed: 17284131979533634994

121 Conn the Stinger (level 4, -14/24 HPs)
             Began as a Deep Elf Venom Mage on July 17, 2021.
             Demolished by an orc wizard (17 damage)
             ... on level 3 of the Dungeon.
             The game lasted 00:07:08 (2718 turns).

Conn the Stinger (Deep Elf Venom Mage)              Turns: 2718, Time: 00:07:09

Health: -14/24     AC:  2    Str:  2 (5)  XL:     4   Next: 77%
Magic:  12/12      EV: 12    Int: 19 (21) God:
Gold:   29         SH:  0    Dex: 13 (15) Spells: 5/11 levels left

rFire    . . .     SeeInvis .   c - +0 short sword
rCold    . . .     Faith    .   (no shield)
rNeg     . . .     Spirit   .   a - +0 robe
rPois    .         Reflect  .   (no helmet)
rElec    .         Harm     .   g - scarf {+Inv}
rCorr    .         Rampage  .   (no gloves)
Will     .....                  (no boots)
Stlth    +.........             (no amulet)
HPRegen  0.08/turn              (no ring)
MPRegen  0.13/turn              (no ring)

@: confused, hasted, very quick
A: no striking features
a: Evoke Invisibility


You were on level 3 of the Dungeon.
You visited 1 branch of the dungeon, and saw 3 of its levels.

You collected 29 gold pieces.

Inventory:

Hand Weapons
 c - a +0 short sword (weapon)
Armour
 a - a +0 robe (worn)
 g - a scarf of invisibility (worn)
Scrolls
 d - a scroll of identify
 h - a scroll of vulnerability
Potions
 b - a potion of attraction


   Skills:
 + Level 0.1 Short Blades
 + Level 2.9 Dodging
 + Level 3.0 Stealth
 + Level 4.0 Spellcasting
 * Level 1.0 Conjurations
 + Level 2.4 Transmutations
 * Level 0.3 Air Magic
 + Level 4.1 Poison Magic
 * Level 1.1 Evocations


You had 5 spell levels left.
You knew the following spells:

 Your Spells              Type           Power      Damage    Failure   Level
a - Sting                 Tmut/Pois      64%        1d6       3%          1
b - Poisonous Vapours     Pois/Air       24%        N/A       9%          2
c - Mephitic Cloud        Conj/Pois/Air  10%        N/A       19%         3

Your spell library contained the following spells:

 Spells                   Type           Power      Damage    Failure   Level
 Olgreb's Toxic Radiance  Pois           19%        N/A       26%         4


Dungeon Overview and Level Annotations

Branches:
Dungeon (3/15)

Altars:
Okawaru


Message History

The orc is engulfed in noxious fumes.
The orc appears confused.
The orc closely misses something.
You kill the orc!
You are confused.
Your Spellcasting skill increases to level 4!
You bump into the rock wall.
You bump into the rock wall.
You bump into the rock wall.
You bump into the rock wall.
Something hits you but does no damage.
It was a potion of degeneration.
There was something very wrong with that liquid.
You feel weakened.
You feel dopey.
You feel clumsy.
You feel less confused.
You hear some strange, mumbled words.
A magic dart appears from out of thin air!
The magic dart hits you.
* * * LOW HITPOINT WARNING * * *
It was a potion of curing.
You feel better.
You hear some strange, mumbled words.
A magic dart appears from out of thin air!
The magic dart hits you.
Casting: Sting (safe; 3% risk of failure)
Confirm with . or Enter, or press ? or * to list all spells.
Okay, then.
Unknown command.
Okay, then.
As you read the scroll labelled XEELIU ULEWN, it crumbles to dust.
It is a scroll of identify.
h - a scroll of vulnerability Something hits you.
It was a potion of magic.
Magic courses through your body.
You hear some strange, mumbled words.
You are confused.
You feel yourself speed up. Something hits you.
* * * LOW HITPOINT WARNING * * *
You bump into the rock wall.
Something hits you.
* * * LOW HITPOINT WARNING * * *
You are electrocuted!
Ouch! That really hurt!
You die...

### ..# #.# #.#
#.#########
#########..........
#.@{...).###.##.##.
#.######.# #.##.##.
#.# #.# #.##....
#.# #.# #.##..##
#.######.###.##..##
#.##...............
#.##.##########....
#?##)# ##.## #.##.#
#.#


There were no monsters in sight!

Vanquished Creatures
  An orc priest (D:3)
  2 adders (D:2)
  2 dart slugs (D:1)
  An orc (D:3)
  7 endoplasms
  7 giant cockroaches
  5 goblins
  4 hobgoblins (D:1)
  4 jackals (D:1)
  A quokka (D:2)
  6 ball pythons
  7 bats
  4 frilled lizards
  6 kobolds
  11 rats
68 creatures vanquished.

Notes
Turn   | Place    | Note
-------+----------+-------------------------------------------
     0 | D:1      | Conn the Deep Elf Venom Mage began the quest for the Orb.
     0 | D:1      | Reached XP level 1. HP: 10/10 MP: 6/6
     1 | D:1      | Found a runed translucent door.
   321 | D:1      | Reached XP level 2. HP: 11/15 MP: 5/8
   943 | D:1      | Reached XP level 3. HP: 17/19 MP: 4/9
  1157 | D:1      | Learned a level 2 spell: Poisonous Vapours
  1161 | D:1      | Learned a level 3 spell: Mephitic Cloud
  1817 | D:2      | Found an iron altar of Okawaru.
  2046 | D:2      | Reached XP level 4. HP: 20/24 MP: 7/11
  2267 | D:2      | Found a faded altar of an unknown god.
  2626 | D:3      | Reached skill level 1 in Conjurations
  2626 | D:3      | Reached skill level 1 in Evocations
  2718 | D:3      | Demolished by an orc wizard

Illustrated notes

Levels and vault maps discovered:
D:1:      dpeg_arrival_caged_fury, layout_rooms, chequers_serial_rivers_room_a,
          chequers_garden
D:2:      layout_basic, basic_altar, hellmonk_ecumenical_altar_run_dry
D:3:      layout_loops_ring, zin_angel, kennysheep_generic_room_14, uniq_natasha

Skill      XL: |  1  2  3  4 |
---------------+-------------+-----
Transmutations | 2 |  2.4
Poison Magic   | 4 |  4.1
Stealth        | 3 |  3.0
Conjurations   | 1 |  1.0
Evocations     | 1 |  1.1
Spellcasting   | 4 |  4.0
Short Blades   | |  0.1
Dodging        | |  2.9
Air Magic      | |  0.3

Action                   |  1- 3 |  4- 6 || total
-------------------------+-------+-------++-------
Melee: Unarmed           |     1 |       ||     1
       Short sword       |    14 |       ||    14
 Cast: Sting             |    86 |    29 ||   115
       Mephitic Cloud    |       |     1 ||     1
  Use: Potion            |       |     6 ||     6
       Scroll            |       |     1 ||     1
Armor: Robe              |    10 |     1 ||    11
Dodge: Dodged            |    44 |     8 ||    52

Table legend: (Time is in decaauts)
 A = Elapsed time spent in this place.
 B = Non-inter-level travel time spent in this place.
 C = Inter-level travel time spent in this place.
 D = Time resting spent in this place.
 E = Time spent auto-exploring this place.
 F = Levels seen in this place.
 G = Mean time per level.
                   A        B        C        D        E       F      G
               +--------+--------+--------+--------+--------+-----+--------+
         Total |   2700 |   2694 |      6 |    247 |   1880 |   3 |  900.0 |
       Dungeon |   2700 |   2694 |      6 |    247 |   1880 |   3 |  900.0 |
               +--------+--------+--------+--------+--------+-----+--------+

Top non-repeatable levels by time:
     D:1: 1370 daAuts
     D:2: 1064 daAuts
     D:3: 264 daAuts
